 Dungeon Crawl Stone Soup version 0.26-a0-597-gb535b0901c (webtiles) character file.

Game seed: 13240049748298289668

5 ANON1729 the Magician (level 1, 0/13 HPs)
             Began as a Demonspawn Wanderer on Aug 25, 2020.
             Slain by a bat (1 damage)
             ... on level 1 of the Dungeon.
             The game lasted 00:00:29 (370 turns).

ANON1729 the Magician (Demonspawn Wanderer)          Turns: 370, Time: 00:00:30

Health: 0/13       AC:  2    Str: 11    XL:     1   Next: 66%
Magic:  5/5        EV: 11    Int: 13    God:
Gold:   8          SH:  0    Dex: 13    Spells: 8/8 levels left

rFire    . . .     SeeInvis .   a - +2 dagger
rCold    . . .     Faith    .   (no shield)
rNeg     . . .     Spirit   .   e - +0 robe
rPois    .         Reflect  .   (no helmet)
rElec    .         Harm     .   (no cloak)
rCorr    .                      (no gloves)
MR       .....                  (no boots)
Stlth    +.........             (no amulet)
HPRegen  0.04/turn              (no ring)
MPRegen  0.09/turn              (no ring)

@: no status effects
A: no striking features
a: no special abilities


You were on level 1 of the Dungeon.
You visited 1 branch of the dungeon, and saw 1 of its levels.

You collected 8 gold pieces.

Inventory:

Hand Weapons
 a - a +2 dagger (weapon)
Missiles
 b - 3 curare-tipped darts (quivered)
Armour
 e - a +0 robe (worn)
Scrolls
 c - a scroll of remove curse {unknown}
 d - a scroll of identify {unknown}


   Skills:
 + Level 1.3 Throwing
 + Level 4.1 Spellcasting
   Level 2.0 Conjurations
   Level 2.0 Hexes
   Level 1.0 Evocations


You had 8 spell levels left.
You didn't know any spells.
Your spell library contained the following spells:

 Spells                   Type           Power        Failure   Level
 Foxfire                  Conj/Fire      #...         14%         1
 Sandblast                Erth           #.....       21%         1
 Static Discharge         Conj/Air       #.......     38%         3
 Stone Arrow              Conj/Erth      #.....       38%         3


Dungeon Overview and Level Annotations

Branches:
Dungeon (1/15)

Altars:


Message History

You are too injured to fight recklessly!
You are too injured to fight recklessly!
You are too injured to fight recklessly!
You are too injured to fight recklessly!
You are too injured to fight recklessly!
You are too injured to fight recklessly!
The bat hits you but does no damage. The ooze completely misses you.
The bat barely misses you. The bat misses you. The bat hits you.
* * * LOW HITPOINT WARNING * * *
The bat hits you.
* * * LOW HITPOINT WARNING * * *
The bat misses you. The bat closely misses you.
The giant cockroach barely misses you. The bat hits you but does no damage.
You barely miss the bat.
The bat is moderately wounded.
The bat hits you.
You die...

....#.# #. #.# #####.#
###.###.# ......#
b.....#.##### ###
#######.# #
#..........##....
........# #.
##...........[.
###.#####
#..###..(...........
##.#
#..................
#..#
####J..............
#.## #@bs#.............
#.# ##.###............(
##.######### #..#
#.............
...........## #.##
##..>.........
....######..###.#
##.....##....
.##......##..##)#
####>## ####
.#######..##....######
.# .#####
##...).........
.....#######(#.########


You could see an ooze, a giant cockroach and a bat.

Vanquished Creatures
  A bat (D:1)
  A goblin (D:1)
  A hobgoblin (D:1)
  A frilled lizard (D:1)
  A kobold (D:1)
5 creatures vanquished.

Notes
Turn   | Place    | Note
-------+----------+-------------------------------------------
     0 | D:1      | ANON1729 the Demonspawn Wanderer began the quest for the
                  | Orb.
     0 | D:1      | ANON1729 set off with the following items: a +2 dagger, 3
                  | curare-tipped darts, a +0 robe; and the following spells
                  | available to memorise: Foxfire, Sandblast, Static
                  | Discharge, Stone Arrow
     0 | D:1      | Reached XP level 1. HP: 13/13 MP: 5/5
   370 | D:1      | Slain by a bat

Illustrated notes

Levels and vault maps discovered:
D:1:      matt_arrival_refuge, layout_rooms

Action                   || total
-------------------------++-------
Melee: Dagger            ||    32
 Stab: Sleeping          ||     1
Armor: Robe              ||    14
Dodge: Dodged            ||    31

Table legend: (Time is in decaauts)
 A = Elapsed time spent in this place.
 B = Non-inter-level travel time spent in this place.
 C = Inter-level travel time spent in this place.
 D = Time resting spent in this place.
 E = Time spent auto-exploring this place.
 F = Levels seen in this place.
 G = Mean time per level.
                   A        B        C        D        E       F      G
               +--------+--------+--------+--------+--------+-----+--------+
         Total |    370 |    370 |      0 |    212 |     93 |   1 |  370.0 |
       Dungeon |    370 |    370 |      0 |    212 |     93 |   1 |  370.0 |
               +--------+--------+--------+--------+--------+-----+--------+

Top non-repeatable levels by time:
     D:1: 370 daAuts
